 Dungeon Crawl Stone Soup version 0.29.1-2-gbd0b4ee654 (webtiles) character file.

Game seed: 327311327847475

77 Ihaveafatcat the Trooper (level 4, -15/31 HPs)
             Began as an Octopode Fighter on Nov 21, 2022.
             Was a Believer of Lugonu.
             Demolished by an ogre
             ... wielding a +0 giant club
              (23 damage)
             ... on level 3 of the Dungeon.
             The game lasted 00:02:52 (2006 turns).

Ihaveafatcat the Trooper (Octopode Fighter)         Turns: 2006, Time: 00:02:52

Health: -15/31     AC:  1    Str: 17    XL:     4   Next: 34%
Magic:  4/4        EV: 13    Int: 10    God:    Lugonu [**....]
Gold:   69         SH:  4    Dex: 11    Spells: 3/3 levels left

rFire   . . .      SeeInvis .   a - +0 war axe
rCold   . . .      Faith    .   b - +0 buckler
rNeg    . . .      Spirit   .   (helmet restricted)
rPois   .          Reflect  .   g - amulet of magic regeneration
rElec   .          Harm     .   (no ring)
rCorr   .          Rampage  .   (no ring)
Will    .....                   (no ring)
Stlth   +++.......              (no ring)
HPRegen 0.10/turn               (no ring)
MPRegen 0.49/turn               (no ring)
                                (no ring)
                                (no ring)

@: no status effects
A: almost no armour, amphibious, 8 rings, camouflage 1, gelatinous body 1,
(nimble swimmer 1), tentacles
a: Renounce Religion, Depart the Abyss, Bend Space


You were on level 3 of the Dungeon.
You worshipped Lugonu.
Lugonu was pleased with you.
You visited 1 branch of the dungeon, and saw 3 of its levels.

You collected 69 gold pieces.

Inventory:

Hand Weapons
 a - a +0 war axe (weapon)
Armour
 b - a +0 buckler (worn)
Jewellery
 g - an amulet of magic regeneration (around mantle)
 h - a ring of protection from fire
 j - an amulet of regeneration
Wands
 m - a wand of paralysis (11)
Scrolls
 i - a scroll of blinking {unknown}
 l - a scroll of teleportation {unknown}
 n - 2 scrolls of identify {unknown}
Potions
 c - a potion of might
 d - a potion of berserk rage {unknown}
 e - 4 potions of curing
 f - a potion of heal wounds {unknown}
 k - a potion of attraction {unknown}


   Skills:
 + Level 3.5 Fighting
 + Level 2.8 Axes
 + Level 3.4 Dodging
 + Level 1.5 Stealth
 + Level 3.4 Shields


You had 3 spell levels left.
You didn't know any spells.
Your spell library was empty.

Dungeon Overview and Level Annotations

Branches:
Dungeon (3/15)

Altars:
Lugonu


Innate Abilities, Weirdness & Mutations

You cannot wear most types of armour.
You are amphibious.
You can wear up to eight rings at the same time.
Your skin changes colour to match your surroundings (Stealth+).
Your rubbery body absorbs attacks. (AC +1, EV +1)
((You are camouflaged when in or above water. (Stealth+)))
You have tentacles for arms and can constrict up to eight enemies at once.


Message History

The ogre is moderately wounded.
You barely miss the adder.
You feel sick. The adder bites you. x2
The ogre barely misses you.
There are monsters nearby!
You completely miss the ogre.
The ogre is moderately wounded.
You closely miss the adder.
You feel sick. The adder barely misses you. The adder bites you.
The ogre closely misses you.
There are monsters nearby!
You are too injured to fight recklessly!
There are monsters nearby!
There are monsters nearby!
You are too injured to fight recklessly!
There are monsters nearby!
You are too injured to fight recklessly!
Unknown command.
You are too injured to fight recklessly!
There are monsters nearby!
You are too injured to fight recklessly!
There are monsters nearby!
There are monsters nearby!
You are too injured to fight recklessly!
You feel sick. The adder barely misses you.
You slash the ogre! Your squeeze misses the ogre.
The ogre is severely wounded.
You hit the adder.
You feel sick. The adder closely misses you. The ogre closely misses you.
The adder barely misses you.
You hit the ogre. You squeeze the ogre!
The ogre is almost dead.
You hit the adder.
You feel sick.
You are no longer poisoned.
The adder bites you.
* * * LOW HITPOINT WARNING * * *
You are lethally poisoned!
The adder poisons you! The ogre closely misses you. The adder bites you.
* * * LOW HITPOINT WARNING * * *
You feel better. The adder bites you but does no damage.
The ogre hits you with a +0 giant club!!
Ouch! That really hurt!
You die...

#..# .####..##
### .# .......#
#.. . #.....#
#.# .# #.....#
#.# .# #.....#
#.#..#
#.....###.#.##.#
###......S.....#
#..####.@#..S#
###.## ##O# #
#...# #BJ# #
###.#.# ...# ..
##.....# ..##
...#...##..#
####
....<.####....
####### #####


You could see an ogre, an adder, an endoplasm and a giant cockroach.

Vanquished Creatures
  A gnoll (D:1)
  3 adders (D:2)
  A dart slug (D:2)
  4 ball pythons (D:1)
  4 bats (D:1)
  2 endoplasms
  A giant cockroach (D:2)
  A goblin (D:1)
  8 hobgoblins
  2 quokkas
  4 frilled lizards (D:1)
  3 kobolds
  5 rats
39 creatures vanquished.

Notes
Turn   | Place    | Note
-------+----------+-------------------------------------------
     0 | D:1      | Ihaveafatcat the Octopode Fighter began the quest for the
                  | Orb.
     0 | D:1      | Reached XP level 1. HP: 16/16 MP: 1/1
   268 | D:1      | Reached XP level 2. HP: 21/21 MP: 2/2
   732 | D:1      | Reached XP level 3. HP: 26/26 MP: 3/3
  1308 | D:2      | Found a faded altar of an unknown god.
  1485 | D:2      | Reached skill level 1 in Stealth
  1491 | D:2      | Reached XP level 4. HP: 4/31 MP: 4/4
  1928 | D:2      | Prayed at the altar of an unknown god.
  1928 | D:2      | Became a worshipper of Lugonu the Unformed
  1928 | D:2      | Reached * piety under Lugonu
  1928 | D:2      | Reached ** piety under Lugonu
  1996 | D:3      | Noticed an ogre
  2005 | D:3      | HP: 1/31 [adder (3)]
  2006 | D:3      | Demolished by an ogre

Illustrated notes

Levels and vault maps discovered:
D:1:      evilmike_arrival_crescent, layout_loops_ring
D:2:      minmay_wonky_spiral, layout_rooms, ebering_ecumenical_altar_abandoned,
          bh_walls_and_bars
D:3:      layout_loops_cross, nicolae_ru_awakened_eye,
          mainiacjoe_overflow_chevrons, gammafunk_ghost_necromancy,
          minmay_close_crescents, uniq_grinder, uniq_robin

Skill      XL: |  1  2  3 |
---------------+----------+-----
Stealth        | 1 |  1.5
Fighting       | |  3.5
Axes           | |  2.8
Dodging        | |  3.4
Shields        | |  3.4

Action                   |  1- 3 |  4- 6 || total
-------------------------+-------+-------++-------
Melee: War axe           |    59 |    12 ||    71
       Constrict         |    16 |     2 ||    18
       Tentacles         |     9 |     3 ||    12
  Use: Potion            |       |     2 ||     2
 Stab: Sleeping          |     6 |     1 ||     7
Armor: Skin              |     6 |     2 ||     8
Dodge: Dodged            |    37 |    12 ||    49
Block: Buckler           |    16 |     2 ||    18
